 Dungeon Crawl Stone Soup version 0.21-a0-450-gd87a9b2 (webtiles) character file.

105 sagitran the Grasshopper (level 4, -3/23 HPs)
             Began as a Spriggan Warper on Nov 12, 2017.
             Slain by Terence
             ... wielding a +0 flail
              (9 damage)
             ... on level 3 of the Dungeon on Nov 18, 2017.
             The game lasted 00:16:06 (3246 turns).

sagitran the Grasshopper (Spriggan Warper)          Turns: 3246, Time: 00:16:07

Health: -3/23      AC:  3    Str:  7    XL:     4   Next: 53%
Magic:  9/9        EV: 20    Int: 14    God:
Gold:   112        SH:  0    Dex: 16    Spells: 1/8 levels left

rFire    + . .     SeeInvis +   a - +0 short sword
rCold    . . .     Gourm    .   (shield restricted)
rNeg     . . .     Faith    .   b - +1 robe
rPois    .         Spirit   .   (helmet restricted)
rElec    .         Reflect  .   (no cloak)
rCorr    .         Harm     .   (gloves unavailable)
MR       .....                  (boots unavailable)
Stlth    ++........             (no amulet)
HPRegen  0.07/turn              h - ring of protection from fire
MPRegen  0.11/turn              p - ring of flight

@: very quick
A: unfitting armour, see invisible, herbivore 3, speed 3, slow metabolism 2
a: Evoke Flight


You were on level 3 of the Dungeon.
You were not hungry.

You visited 1 branch of the dungeon, and saw 3 of its levels.

You collected 112 gold pieces.

Inventory:

Hand Weapons
 a - a +0 short sword (weapon)
 k - a +0 hunting sling
Missiles
 e - 5 tomahawks of dispersal (quivered)
 l - 232 stones
 n - 5 tomahawks
Armour
 b - a +1 robe (worn)
Jewellery
 h - a ring of protection from fire (left hand)
 p - a ring of flight (right hand)
Scrolls
 d - a scroll of blinking
Potions
 g - a potion of cancellation
Books
 c - a book of Spatial Translocations

   Spells                             Type                      Level
   a - Blink                          Translocation                2
   b - Shroud of Golubria             Charms/Translocation         2
   c - Lesser Beckoning               Translocation                3
   d - Gell's Gravitas                Translocation                3
   e - Teleport Other                 Translocation                3
   f - Passage of Golubria            Translocation                4
Comestibles
 f - 2 bread rations
 o - a royal jelly


   Skills:
 + Level 1.8 Fighting
 + Level 2.8 Short Blades
 + Level 2.4(2.6) Slings
 + Level 1.2(1.8) Throwing
 + Level 4.6 Dodging
 + Level 2.0 Stealth
 + Level 2.9 Spellcasting
 + Level 4.7 Translocations


You had one spell level left.
You knew the following spells:

 Your Spells              Type           Power        Failure   Level  Hunger
a - Blink                 Tloc           N/A          4%          2    ##.....
b - Shroud of Golubria    Chrm/Tloc      #.........   12%         2    ##.....
c - Gell's Gravitas       Tloc           ###.......   9%          3    ###....


Dungeon Overview and Level Annotations

Branches:
Dungeon (3/15)

Altars:
Trog

Annotations:
D:3 Terence


Innate Abilities, Weirdness & Mutations

You are very small and have problems with some larger weapons.
You are too small for most types of armour.
You have supernaturally acute eyesight. (SInv)
You are a herbivore.
You cover ground extremely quickly.
You need consume almost no food.


Message History

You barely miss Terence.
Terence is lightly wounded.
Terence bares his teeth.
Terence misses you.
You hit Terence but do no damage.
Terence is lightly wounded.
Terence misses you.
You hit Terence.
Terence is moderately wounded.
You barely miss Terence.
Terence is moderately wounded.
Terence misses you.
You hit Terence but do no damage.
Terence is moderately wounded.
Terence says, "Don't bother to defend, it's senseless."
Terence hits you with a flail!
* * * LOW HITPOINT WARNING * * *
It was a potion of cancellation.
You feel magically purged. Terence hits you with a flail!
You die...

####. # .... .#
##+## ###..##.
##...## ......
##...@.## #.#.##
##....@..##
#....####.........#
#......((.........+
#....####.(.......#
#.#.## ##.(.....##
#.### ##..<.)##
##.# ##...## #.S#
##+##


You could see Terence.

Vanquished Creatures
  3 adders
  3 gnolls
  A dart slug (D:1)
  6 giant cockroaches
  6 goblins
  3 hobgoblins (D:1)
  4 jackals
  A quokka (D:2)
  3 ball pythons
  3 bats
  2 frilled lizards
  9 kobolds
  4 rats
48 creatures vanquished.

Notes
Turn   | Place    | Note
-------+----------+-------------------------------------------
     0 | D:1      | sagitran the Spriggan Warper began the quest for the Orb.
     0 | D:1      | Reached XP level 1. HP: 10/10 MP: 5/5
   389 | D:1      | Reached skill level 1 in Stealth
   393 | D:1      | Reached XP level 2. HP: 14/14 MP: 6/6
   397 | D:1      | Learned a level 2 spell: Blink
   400 | D:1      | Learned a level 2 spell: Shroud of Golubria
  1249 | D:2      | Reached XP level 3. HP: 12/18 MP: 8/8
  1403 | D:2      | Found a bloodstained altar of Trog.
  1697 | D:2      | Reached skill level 1 in Slings
  2160 | D:2      | Upgraded the game from 0.21-a0-442-g848f44b to 0.21-a0-450-gd87a9b2
  2181 | D:1      | Reached XP level 4. HP: 4/23 MP: 9/9
  2995 | D:2      | Learned a level 3 spell: Gell's Gravitas
  3096 | D:3      | Noticed Terence
  3246 | D:3      | Slain by Terence

Vault maps used:
D:1:      dpeg_arrival_rhombi
D:2:      lemuel_doored_altar
D:3:      marbit_many_paths, okawaru_ov_weapons_minmay, first_bread,
          uniq_terence

Skill      XL: |  1  2  3 |
---------------+----------+-----
Stealth        | 1 2 |  2.0
Dodging        | 4 |  4.6
Slings         | 2 |  2.4
Fighting       | |  1.8
Short Blades   | |  2.8
Throwing       | |  1.2
Spellcasting   | |  2.9
Translocations | |  4.7

Action                   |  1- 3 |  4- 6 || total
-------------------------+-------+-------++-------
Melee: Short sword       |   158 |    44 ||   202
 Fire: Hunting sling     |    68 |    20 ||    88
 Cast: Blink             |       |     1 ||     1
       Shroud of Golubri |       |     1 ||     1
  Use: Potion            |     3 |     1 ||     4
       Scroll            |     2 |       ||     2
 Stab: Sleeping          |     1 |       ||     1
       Distracted        |     1 |       ||     1
Armor: Robe              |    13 |     4 ||    17
       Skin              |     1 |       ||     1
Dodge: Dodged            |   156 |    34 ||   190

Table legend:
 A = Spawn XP
 B = Non-spawn XP
 C = Spawn XP percentage of total XP
 D = Spawn monster count
 E = Non-spawn monster count
 F = Spawn count percentage of total count
 G = Total turns spent on level
                    A         B        C        D         E        F      G
               +---------+---------+-------+---------+---------+-------+---------
         Total |       0 |     150 |   0.0 |       0 |      48 |   0.0 |  3246
               +---------+---------+-------+---------+---------+-------+---------
           D:1 |       0 |      63 |   0.0 |       0 |      23 |   0.0 |  1715
           D:2 |       0 |      86 |   0.0 |       0 |      24 |   0.0 |  1412
           D:3 |       0 |       1 |   0.0 |       0 |       1 |   0.0 |   119
               +---------+---------+-------+---------+---------+-------+---------
